Login

San Diego Gulls vs Calgary Wranglers

Created - 14 April 2024 at 23:16

Goals
1 2 3 OT1 T
San Diego Gulls 0 1 0 1 2
Calgary Wranglers 0 1 0 0 1
Shots
1 2 3 OT1 T
San Diego Gulls 0 10 8 2 20
Calgary Wranglers 0 5 1 0 6

GoalsPenalties
1st period
No Goal
No Penalty
2nd period
1. San Diego Gulls , Mason McTavish 7 (Jackson LaCombe 3, Jamie Drysdale 6) at 9:51
2. Calgary Wranglers , Ben Jones 13 (Cole Schwindt 3) at 12:12
Ilya Solovyov (CLG) for Roughing (Minor) at 1:01
Brady Lyle (CLG) for Tripping (Minor) at 9:57
3rd period
No Goal
Connor Zary (CLG) for Interference (Minor) at 6:19
Overtime #1
3. San Diego Gulls , Brayden Tracey 10 (Nikita Nesterenko 4, Drew Helleson 9) at 3:07
No Penalty
Goalie Stats
Lukas Dostal (SDG), 5 saves from 6 shots - (0.833), W, 9-5-1, 63:07 minutes
Dustin Wolf (CLG), 18 saves from 20 shots - (0.900), OTL, 2-2-2, 63:07 minutes
3 StarsOfficial
1 - Brayden Tracey (SDG)
2 - Mason McTavish (SDG)
3 - Ben Jones (CLG)
Referees : Jim Curtin and Brad Meier
Linesman : Steve Barton and Matt Brady
Game Note
No Game Note
Finance
Level 1 -- Attendance: 1891 (94.55%) -- Ticket Income $66,185
Level 2 -- Attendance: 946 (94.60%) -- Ticket Income $14,190
Total Attendance: 2837 (94.57%)
Total Ticket Income: $80,375
Other Income: $39,384
Total Income: $119,759



Team Name Goals Shots Shots Attemp Shots Blocked PIM HIT PP PK FO%
San Diego Gulls 2204610160 / 3 (0%)044%
Calgary Wranglers 1615106170 / 0 (0.00%056%

San Diego Gulls
Player Name POS G A P +/- PIM HIT SHT SB MP PP MP PP SHT PK MP PK SHT FO% FOT GA TA
Blake McLaughlinLW000000000:000:0000:0000% 000
Bo GroulxC000-1001020:172:5400:00025% 412
Brayden TraceyLW1011013018:502:5420:0000% 000
Brett LeasonRW0001001019:150:1100:0000% 300
Chase De-LeoLW000-1010014:370:0600:0000% 010
Chris MartenetD0000010014:480:0000:0000% 000
Colton WhiteD000-1002024:143:4110:0000% 000
Connor HvidstonLW0000010010:040:0000:0000% 000
Drew HellesonD0110012024:123:4110:0000% 010
Glenn GawdinC0000022019:182:5200:0000% 301
Jackson LaCombeD0111011022:462:1610:0000% 000
Jacob PerreaultRW0000030018:272:5400:0000% 001
Jamie DrysdaleD0111010022:082:1600:0000% 000
Josh LopinaC000001004:000:0000:0000% 100
Mason McTavishC1011013022:442:5700:00067% 1502
Nikita NesterenkoC0110010017:330:1100:0000% 010
Pavol RegendaLW0001015120:472:5210:000100% 101
Trevor CarrickD0000000015:210:0000:0000% 000
Calgary Wranglers
Player Name POS G A P +/- PIM HIT SHT SB MP PP MP PP SHT PK MP PK SHT FO% FOT GA TA
Adam KlapkaRW0000000017:290:0000:0000% 001
Ben JonesC1010022020:500:0001:40050% 1221
Brady LyleD0000210322:030:0002:1400% 000
Clark BishopC0000000017:040:0001:45067% 300
Cole SchwindtC0110020017:280:0000:00075% 410
Colton PoolmanD0000010020:070:0003:3900% 000
Connor ZaryLW0000210118:430:0001:0800% 000
Ilya NikolaevC000000002:140:0000:000100% 100
Ilya SolovyovD0000240020:100:0000:0000% 000
Jakob PelletierLW000-2021222:140:0003:3110% 010
Jeremie PoirierD0000021021:330:0002:1810% 011
Keaton ThompsonD000-1000319:090:0000:5300% 000
Kevin RooneyC000000000:130:0000:0000% 000
Martin PospisilLW000-1010016:420:0000:0000% 101
Mathias Emilio PettersenLW0000001018:250:0003:04150% 420
Parker BellLW0001010016:010:0000:4600% 000
Rory KerinsC0000000011:580:0000:00050% 200
Yan KuznetsovD0000001120:580:0002:5010% 000

San Diego Gulls

5 vs 5 Forward
Line #Left WingCenterRight WingPHYDFOFWanted %Time %Time Play
1Pavol RegendaMason McTavishBrett Leason1224033%17:36
2Brayden TraceyBo GroulxJacob Perreault1223031%16:51
3Chase De-LeoGlenn GawdinNikita Nesterenko1222020%10:47
4Connor HvidstonNikita NesterenkoMason McTavish1221016%8:49
5 vs 5 Defense
Line #DefenseDefensePHYDFOFWanted %Time %Time Play
1Colton WhiteDrew Helleson1224035%19:03
2Jackson LaCombeJamie Drysdale1223038%20:25
3Trevor CarrickChris Martenet1222025%13:34
4Colton WhiteDrew Helleson122102%1:01
Power Play Forward
Line #Left WingCenterRight WingPHYDFOFWanted %Time %Time Play
1Pavol RegendaMason McTavishGlenn Gawdin1226051%3:03
2Brayden TraceyBo GroulxJacob Perreault1224049%2:54
Power Play Defense
Line #DefenseDefensePHYDFOFWanted %Time %Time Play
1Colton WhiteDrew Helleson1226062%3:41
2Jackson LaCombeJamie Drysdale1224038%2:16
Penalty Kill 4 Players Forward
Line #CenterWingPHYDFOFWanted %Time %Time Play
1Mason McTavishPavol Regenda122600%0:00
2Bo GroulxBrayden Tracey122400%0:00
Penalty Kill 4 Players Defense
Line #DefenseDefensePHYDFOFWanted %Time %Time Play
1Colton WhiteDrew Helleson122600%0:00
2Jackson LaCombeJamie Drysdale122400%0:00
Penalty Kill 3 Players
Line #WingPHYDFOFWanted %Time %Time PlayDefenseDefensePHYDFOFWanted %Time %Time Play
1Mason McTavish122600%0:00 Colton WhiteDrew Helleson122600%0:00
2Bo Groulx122400%0:00 Jackson LaCombeJamie Drysdale122400%0:00
4 vs 4 Forward
Line #CenterWingPHYDFOFWanted %Time %Time Play
1Mason McTavishPavol Regenda122600%0:00
2Bo GroulxBrayden Tracey122400%0:00
4 vs 4 Defense
Line #DefensePHYDFOFWanted %Time %Time Play
1Colton WhiteDrew Helleson122600%0:00
2Jackson LaCombeJamie Drysdale122400%0:00
Last Minutes Offensive
Left WingCenterRight WingDefenseDefense
Pavol RegendaMason McTavishBo GroulxColton WhiteDrew Helleson
Last Minutes Defensive
Left WingCenterRight WingDefenseDefense
Pavol RegendaMason McTavishBo GroulxColton WhiteDrew Helleson
Time
Total ForwardTotal DefenseLast Minutes OffensiveLast Minutes Defensive
60:00 60:00 0:000:00
Extra Forwards
Normal PowerPlayPenalty Kill
Glenn Gawdin, Nikita Nesterenko, Brayden TraceyGlenn Gawdin, Nikita NesterenkoGlenn Gawdin
Extra Defensemen
Normal PowerPlayPenalty Kill
Jamie Drysdale, Trevor Carrick, Chris MartenetJamie Drysdale, Jamie DrysdaleTrevor Carrick
Penalty Shots
Mason McTavish, Brayden Tracey, Pavol Regenda, Bo Groulx, Glenn Gawdin
Goalie
Lukas Dostal, Gage Alexander
Custom OT Lines Forwards
Mason McTavish, Brett Leason, Pavol Regenda, Bo Groulx, Glenn Gawdin, Nikita Nesterenko, Brayden Tracey, Chase De-Leo, Jacob Perreault, Connor Hvidston
Custom OT Lines Defensemen
Colton White, Drew Helleson, Jackson LaCombe, Jamie Drysdale, Trevor Carrick
Scratches
Adrien Beraldo (Healthy), Judd Caulfield (Bruised Left Leg Injury), Alex Ierullo (Healthy), Calle Clang (Healthy)

Calgary Wranglers

5 vs 5 Forward
Line #Left WingCenterRight WingPHYDFOFWanted %Time %Time Play
1Martin PospisilBen JonesJakob Pelletier1224032%17:20
2Connor ZaryCole SchwindtAdam Klapka1223036%19:20
3Mathias Emilio PettersenClark BishopParker Bell1222020%10:55
4Parker BellRory KerinsBen Jones1221012%6:28
5 vs 5 Defense
Line #DefenseDefensePHYDFOFWanted %Time %Time Play
1Ilya SolovyovBrady Lyle1224037%19:47
2Jeremie PoirierYan Kuznetsov1223031%16:57
3Colton PoolmanKeaton Thompson1222028%14:54
4Jeremie PoirierBrady Lyle122104%2:25
Power Play Forward
Line #Left WingCenterRight WingPHYDFOFWanted %Time %Time Play
1Mathias Emilio PettersenBen JonesMartin Pospisil122600%0:00
2Connor ZaryCole SchwindtAdam Klapka122400%0:00
Power Play Defense
Line #DefenseDefensePHYDFOFWanted %Time %Time Play
1Ilya SolovyovBrady Lyle122600%0:00
2Jeremie PoirierYan Kuznetsov122400%0:00
Penalty Kill 4 Players Forward
Line #CenterWingPHYDFOFWanted %Time %Time Play
1Mathias Emilio PettersenJakob Pelletier1226072%4:17
2Connor ZaryBen Jones1224028%1:40
Penalty Kill 4 Players Defense
Line #DefenseDefensePHYDFOFWanted %Time %Time Play
1Colton PoolmanBrady Lyle1226062%3:41
2Jeremie PoirierYan Kuznetsov1224038%2:16
Penalty Kill 3 Players
Line #WingPHYDFOFWanted %Time %Time PlayDefenseDefensePHYDFOFWanted %Time %Time Play
1Ben Jones122600%0:00 Ilya SolovyovBrady Lyle122600%0:00
2Connor Zary122400%0:00 Jeremie PoirierYan Kuznetsov122400%0:00
4 vs 4 Forward
Line #CenterWingPHYDFOFWanted %Time %Time Play
1Martin PospisilMathias Emilio Pettersen122600%0:00
2Connor ZaryBen Jones122400%0:00
4 vs 4 Defense
Line #DefensePHYDFOFWanted %Time %Time Play
1Keaton ThompsonBrady Lyle122600%0:00
2Jeremie PoirierYan Kuznetsov122400%0:00
Last Minutes Offensive
Left WingCenterRight WingDefenseDefense
Connor ZaryBen JonesJakob PelletierIlya SolovyovBrady Lyle
Last Minutes Defensive
Left WingCenterRight WingDefenseDefense
Connor ZaryBen JonesJakob PelletierIlya SolovyovBrady Lyle
Time
Total ForwardTotal DefenseLast Minutes OffensiveLast Minutes Defensive
60:00 60:00 0:000:00
Extra Forwards
Normal PowerPlayPenalty Kill
Martin Pospisil, Ben Jones, Mathias Emilio PettersenMartin Pospisil, Ben JonesMathias Emilio Pettersen
Extra Defensemen
Normal PowerPlayPenalty Kill
Colton Poolman, Keaton Thompson, Jeremie PoirierColton Poolman, Keaton ThompsonJeremie Poirier
Penalty Shots
Cole Schwindt, Martin Pospisil, Connor Zary, Ben Jones, Mathias Emilio Pettersen
Goalie
Dustin Wolf, Oscar Dansk
Custom OT Lines Forwards
Rory Kerins, Jakob Pelletier, Connor Zary, Ben Jones, Mathias Emilio Pettersen, Cole Schwindt, Adam Klapka, Clark Bishop, Parker Bell, Martin Pospisil
Custom OT Lines Defensemen
Keaton Thompson, Brady Lyle, Jeremie Poirier, Yan Kuznetsov, Colton Poolman
Scratches
Matt Coronato (Right Leg Injury), Nick DeSimone (Suspend), William Stromgren (Healthy), Daniil Chechelev (Healthy)


Play-by-Play

1st period


0:01 of 1st period - Ben Jones wins face-off versus Mason McTavish in neutral zone.
0:08 of 1st period - Wrist shot by Mason McTavish.
0:08 of 1st period - Shot Misses the Net.
1:55 of 1st period - Wrist shot by Mathias Emilio Pettersen.
1:55 of 1st period - Shot Blocked by Pavol Regenda.
4:44 of 1st period - Chase De-Leo is hit by Jeremie Poirier and loses puck.
5:11 of 1st period - Ben Jones is hit by Pavol Regenda and loses puck.
8:00 of 1st period - Icing by Bo Groulx.
8:01 of 1st period - Cole Schwindt wins face-off versus Bo Groulx in San Diego Gulls zone.
8:10 of 1st period - Connor Zary is hit by Chris Martenet and loses puck.
10:03 of 1st period - Nikita Nesterenko is hit by Martin Pospisil and loses puck.
10:23 of 1st period - Glenn Gawdin is hit by Parker Bell and loses puck.
11:15 of 1st period - Jakob Pelletier is hit by Chase De-Leo and loses puck.
13:32 of 1st period - Parker Bell is hit by Nikita Nesterenko and loses puck.
15:09 of 1st period - Jackson LaCombe is hit by Ben Jones.
19:06 of 1st period - Icing by Connor Hvidston.
19:07 of 1st period - Ilya Nikolaev wins face-off versus Josh Lopina in San Diego Gulls zone.
Goals for this period are 0 for San Diego Gulls vs 0 for Calgary Wranglers.
Shots for this period are 0 for San Diego Gulls vs 0 for Calgary Wranglers.

2nd period


0:01 of 2nd period - Mason McTavish wins face-off versus Ben Jones in neutral zone.
0:16 of 2nd period - Snap shot by Pavol Regenda.
0:16 of 2nd period - Deflect By Jakob Pelletier.
0:16 of 2nd period - Shot Blocked by Brady Lyle.
0:16 of 2nd period - Puck is out of play.
0:17 of 2nd period - Cole Schwindt wins face-off versus Glenn Gawdin in Calgary Wranglers zone.
0:27 of 2nd period - Slapshot by Colton White.
0:27 of 2nd period - Shot Misses the Net.
0:29 of 2nd period - Backhand shot by Glenn Gawdin.
0:29 of 2nd period - Stopped by Dustin Wolf without a rebound.
0:30 of 2nd period - Ben Jones wins face-off versus Mason McTavish in Calgary Wranglers zone.
0:37 of 2nd period - Slapshot by Pavol Regenda.
0:37 of 2nd period - Shot Blocked by Jakob Pelletier.
0:39 of 2nd period - Slapshot by Colton White.
0:39 of 2nd period - Stopped by Dustin Wolf with a rebound.
0:41 of 2nd period - Wrist shot by Colton White.
0:41 of 2nd period - Deflect By Brett Leason.
0:41 of 2nd period - Shot Misses the Net.
0:41 of 2nd period - Puck is out of play.
0:42 of 2nd period - Ben Jones wins face-off versus Mason McTavish in Calgary Wranglers zone.
0:42 of 2nd period - Ben Jones is hit by Drew Helleson.
0:52 of 2nd period - Wrist shot by Pavol Regenda.
0:52 of 2nd period - Shot Misses the Net.
0:54 of 2nd period - Wrist shot by Mason McTavish.
0:54 of 2nd period - Stopped by Dustin Wolf without a rebound.
0:55 of 2nd period - Mason McTavish wins face-off versus Ben Jones in Calgary Wranglers zone.
0:58 of 2nd period - Wrist shot by Pavol Regenda.
0:58 of 2nd period - Stopped by Dustin Wolf without a rebound.
0:59 of 2nd period - Ben Jones wins face-off versus Brett Leason in Calgary Wranglers zone.
1:01 of 2nd period - Minor Penalty to Ilya Solovyov for Roughing.
1:02 of 2nd period - Mathias Emilio Pettersen wins face-off versus Mason McTavish in Calgary Wranglers zone.
1:12 of 2nd period - Slapshot by Jakob Pelletier.
1:12 of 2nd period - Stopped by Lukas Dostal with a rebound.
1:14 of 2nd period - Slapshot by Colton Poolman.
1:14 of 2nd period - Shot Misses the Net.
1:16 of 2nd period - Slapshot by Mathias Emilio Pettersen.
1:16 of 2nd period - Stopped by Lukas Dostal with a rebound.
1:18 of 2nd period - Snap shot by Mathias Emilio Pettersen.
1:18 of 2nd period - Shot Misses the Net.
2:39 of 2nd period - Mason McTavish is hit by Connor Zary and loses puck.
3:01 of 2nd period - Penalty to Ilya Solovyov is over, Ilya Solovyov is back on ice.
4:29 of 2nd period - Brett Leason is hit by Ilya Solovyov and loses puck.
8:44 of 2nd period - Chase De-Leo is hit by Colton Poolman and loses puck.
9:04 of 2nd period - Icing by Clark Bishop.
9:05 of 2nd period - Clark Bishop wins face-off versus Mason McTavish in Calgary Wranglers zone.
9:16 of 2nd period - Slapshot by Bo Groulx.
9:16 of 2nd period - Stopped by Dustin Wolf without a rebound.
9:17 of 2nd period - Cole Schwindt wins face-off versus Bo Groulx in Calgary Wranglers zone.
9:47 of 2nd period - Slapshot by Jamie Drysdale.
9:47 of 2nd period - Shot Blocked by Brady Lyle.
9:49 of 2nd period - Wrist shot by Jackson LaCombe.
9:49 of 2nd period - Shot Misses the Net.
9:51 of 2nd period - Slapshot by Jackson LaCombe.
9:51 of 2nd period - Deflect By Mason McTavish.
9:51 of 2nd period - Goal by Mason McTavish - San Diego Gulls : 1 - Calgary Wranglers : 0.
9:52 of 2nd period - Mason McTavish wins face-off versus Ben Jones in neutral zone.
9:55 of 2nd period - Wrist shot by Drew Helleson.
9:55 of 2nd period - Stopped by Dustin Wolf with a rebound.
9:57 of 2nd period - Minor Penalty to Brady Lyle for Tripping.
9:58 of 2nd period - Mason McTavish wins face-off versus Mathias Emilio Pettersen in Calgary Wranglers zone.
10:05 of 2nd period - Wrist shot by Mason McTavish.
10:05 of 2nd period - Shot Misses the Net.
10:07 of 2nd period - Wrist shot by Pavol Regenda.
10:07 of 2nd period - Stopped by Dustin Wolf with a rebound.
10:09 of 2nd period - Snap shot by Mason McTavish.
10:09 of 2nd period - Shot Blocked by Keaton Thompson.
10:11 of 2nd period - Slapshot by Drew Helleson.
10:11 of 2nd period - Stopped by Dustin Wolf with a rebound.
10:29 of 2nd period - Snap shot by Colton White.
10:29 of 2nd period - Stopped by Dustin Wolf with a rebound.
10:31 of 2nd period - Slapshot by Jamie Drysdale.
10:31 of 2nd period - Shot Misses the Net.
10:33 of 2nd period - Snap shot by Jacob Perreault.
10:33 of 2nd period - Shot Blocked by Keaton Thompson.
10:55 of 2nd period - Slapshot by Jeremie Poirier.
10:55 of 2nd period - Shot Misses the Net.
10:57 of 2nd period - Slapshot by Jeremie Poirier.
10:57 of 2nd period - Deflect By Jamie Drysdale.
10:57 of 2nd period - Stopped by Lukas Dostal with a rebound.
10:59 of 2nd period - Snap shot by Jeremie Poirier.
10:59 of 2nd period - Shot Misses the Net.
11:01 of 2nd period - Wrist shot by Parker Bell.
11:01 of 2nd period - Shot Misses the Net.
11:03 of 2nd period - Slapshot by Yan Kuznetsov.
11:03 of 2nd period - Stopped by Lukas Dostal with a rebound.
11:57 of 2nd period - Penalty to Brady Lyle is over, Brady Lyle is back on ice.
12:12 of 2nd period - Snap shot by Ben Jones.
12:12 of 2nd period - Goal by Ben Jones - San Diego Gulls : 1 - Calgary Wranglers : 1.
12:13 of 2nd period - Bo Groulx wins face-off versus Ben Jones in neutral zone.
12:13 of 2nd period - Bo Groulx is hit by Jakob Pelletier.
12:16 of 2nd period - Jackson LaCombe is hit by Ilya Solovyov and loses puck.
12:39 of 2nd period - Jamie Drysdale is hit by Cole Schwindt and loses puck.
12:46 of 2nd period - Wrist shot by Connor Zary.
12:46 of 2nd period - Shot Misses the Net.
13:04 of 2nd period - Wrist shot by Pavol Regenda.
13:04 of 2nd period - Shot Hit the Post.
13:37 of 2nd period - Adam Klapka is hit by Jacob Perreault and loses puck.
14:22 of 2nd period - Nikita Nesterenko is hit by Brady Lyle and loses puck.
16:35 of 2nd period - Cole Schwindt is hit by Jacob Perreault and loses puck.
18:43 of 2nd period - Ilya Solovyov is hit by Glenn Gawdin and loses puck.
19:44 of 2nd period - Connor Zary is hit by Josh Lopina and loses puck.
Goals for this period are 1 for San Diego Gulls vs 1 for Calgary Wranglers.
Shots for this period are 10 for San Diego Gulls vs 5 for Calgary Wranglers.

3rd period


0:01 of 3rd period - Pavol Regenda wins face-off versus Martin Pospisil in neutral zone.
0:04 of 3rd period - Snap shot by Brett Leason.
0:04 of 3rd period - Stopped by Dustin Wolf without a rebound.
0:05 of 3rd period - Mason McTavish wins face-off versus Ben Jones in Calgary Wranglers zone.
0:16 of 3rd period - Wrist shot by Pavol Regenda.
0:16 of 3rd period - Stopped by Dustin Wolf without a rebound.
0:17 of 3rd period - Mason McTavish wins face-off versus Ben Jones in Calgary Wranglers zone.
0:18 of 3rd period - Slapshot by Pavol Regenda.
0:18 of 3rd period - Stopped by Dustin Wolf with a rebound.
0:49 of 3rd period - Snap shot by Brayden Tracey.
0:49 of 3rd period - Deflect By Bo Groulx.
0:49 of 3rd period - Shot Blocked by Connor Zary.
0:49 of 3rd period - Puck is out of play.
0:50 of 3rd period - Ben Jones wins face-off versus Brett Leason in Calgary Wranglers zone.
0:57 of 3rd period - Wrist shot by Ben Jones.
0:57 of 3rd period - Stopped by Lukas Dostal with a rebound.
1:17 of 3rd period - Adam Klapka is hit by Brayden Tracey and loses puck.
1:24 of 3rd period - Slapshot by Jamie Drysdale.
1:24 of 3rd period - Shot Misses the Net.
1:38 of 3rd period - Parker Bell is hit by Connor Hvidston and loses puck.
1:57 of 3rd period - Brett Leason is hit by Jakob Pelletier and loses puck.
2:28 of 3rd period - Icing by Parker Bell.
2:29 of 3rd period - Rory Kerins wins face-off versus Glenn Gawdin in Calgary Wranglers zone.
2:29 of 3rd period - Rory Kerins is hit by Glenn Gawdin.
2:37 of 3rd period - Wrist shot by Glenn Gawdin.
2:37 of 3rd period - Stopped by Dustin Wolf without a rebound.
2:38 of 3rd period - Mason McTavish wins face-off versus Cole Schwindt in Calgary Wranglers zone.
2:47 of 3rd period - Snap shot by Mason McTavish.
2:47 of 3rd period - Stopped by Dustin Wolf with a rebound.
3:03 of 3rd period - Jacob Perreault is hit by Ben Jones and loses puck.
3:08 of 3rd period - Snap shot by Ben Jones.
3:08 of 3rd period - Deflect By Jakob Pelletier.
3:08 of 3rd period - Deflect By Drew Helleson.
3:08 of 3rd period - Shot Misses the Net.
3:08 of 3rd period - Puck is out of play.
3:09 of 3rd period - Ben Jones wins face-off versus Brett Leason in San Diego Gulls zone.
4:17 of 3rd period - Slapshot by Jamie Drysdale.
4:17 of 3rd period - Shot Blocked by Jakob Pelletier.
4:25 of 3rd period - Slapshot by Glenn Gawdin.
4:25 of 3rd period - Shot Blocked by Brady Lyle.
6:19 of 3rd period - Minor Penalty to Connor Zary for Interference.
6:20 of 3rd period - Mathias Emilio Pettersen wins face-off versus Glenn Gawdin in Calgary Wranglers zone.
6:30 of 3rd period - Slapshot by Jackson LaCombe.
6:30 of 3rd period - Stopped by Dustin Wolf without a rebound.
6:31 of 3rd period - Mason McTavish wins face-off versus Mathias Emilio Pettersen in Calgary Wranglers zone.
7:04 of 3rd period - Icing by Colton White.
7:05 of 3rd period - Clark Bishop wins face-off versus Bo Groulx in San Diego Gulls zone.
7:14 of 3rd period - Wrist shot by Brayden Tracey.
7:14 of 3rd period - Stopped by Dustin Wolf with a rebound.
7:16 of 3rd period - Snap shot by Brayden Tracey.
7:16 of 3rd period - Shot Blocked by Yan Kuznetsov.
7:18 of 3rd period - Slapshot by Bo Groulx.
7:18 of 3rd period - Deflect By Brayden Tracey.
7:18 of 3rd period - Stopped by Dustin Wolf with a rebound.
7:22 of 3rd period - Snap shot by Bo Groulx.
7:22 of 3rd period - Shot Misses the Net.
7:24 of 3rd period - Snap shot by Brayden Tracey.
7:24 of 3rd period - Shot Misses the Net.
7:26 of 3rd period - Slapshot by Jacob Perreault.
7:26 of 3rd period - Shot Misses the Net.
8:05 of 3rd period - Off-side.
8:06 of 3rd period - Mason McTavish wins face-off versus Clark Bishop in neutral zone.
8:19 of 3rd period - Penalty to Connor Zary is over, Connor Zary is back on ice.
8:44 of 3rd period - Snap shot by Bo Groulx.
8:44 of 3rd period - Shot Misses the Net.
8:53 of 3rd period - Snap shot by Parker Bell.
8:53 of 3rd period - Shot Misses the Net.
9:03 of 3rd period - Bo Groulx is hit by Ilya Solovyov and loses puck.
12:37 of 3rd period - Drew Helleson is hit by Ilya Solovyov and loses puck.
14:22 of 3rd period - Ilya Solovyov is hit by Mason McTavish and loses puck.
14:33 of 3rd period - Ilya Solovyov is hit by Jacob Perreault and loses puck.
15:36 of 3rd period - Keaton Thompson is hit by Jackson LaCombe.
16:02 of 3rd period - Mathias Emilio Pettersen is hit by Jamie Drysdale and loses puck.
16:33 of 3rd period - Mason McTavish is hit by Cole Schwindt and loses puck.
16:44 of 3rd period - Jamie Drysdale is hit by Jeremie Poirier and loses puck.
Goals for this period are 0 for San Diego Gulls vs 0 for Calgary Wranglers.
Shots for this period are 8 for San Diego Gulls vs 1 for Calgary Wranglers.

Overtime #1


0:01 of 1st overtime period - Mason McTavish wins face-off versus Rory Kerins in neutral zone.
0:12 of 1st overtime period - Backhand shot by Pavol Regenda.
0:12 of 1st overtime period - Stopped by Dustin Wolf with a rebound.
0:14 of 1st overtime period - Snap shot by Mason McTavish.
0:14 of 1st overtime period - Shot Misses the Net.
0:16 of 1st overtime period - Slapshot by Pavol Regenda.
0:16 of 1st overtime period - Shot Blocked by Keaton Thompson.
0:37 of 1st overtime period - Slapshot by Brett Leason.
0:37 of 1st overtime period - Shot Misses the Net.
1:51 of 1st overtime period - Snap shot by Brett Leason.
1:51 of 1st overtime period - Shot Misses the Net.
3:07 of 1st overtime period - Wrist shot by Brayden Tracey.
3:07 of 1st overtime period - Goal by Brayden Tracey - San Diego Gulls : 2 - Calgary Wranglers : 1.
Goals for this period are 1 for San Diego Gulls vs 0 for Calgary Wranglers.
Shots for this period are 2 for San Diego Gulls vs 0 for Calgary Wranglers.